Cogmind - Beta 13 @@@ ROGUE MODE // 2024.07.09 @ 22:29:46 Player: OmnomBrains Result: Destroyed by as-45683 with Assembled Heavy Rifle Performance ------------- Evolutions (0) 0 Regions Visited (2) 400 Robots Destroyed (15) 75 Value Destroyed (230) 230 Prototype IDs (3) 60 Alien Tech Used (0) 0 Bonus (-31) -31 TOTAL SCORE: 734 Bonus ------- Friendly Fire -31 Cogmind --------- Core Integrity 0/250 Matter 178/300 Energy 146/250 System Corruption 0% Temperature Cool (77) Movement Treading (240) Ox1 Location -10/Mines Parts ------- > --- POWER (1) -------- Ion Engine > --- PROPULSION (2) --- Light Treads > --- UTILITY (2) ------ Medium Storage Unit Light Armor Plating > --- WEAPON (2) ------- Medium Laser Heavy Assault Rifle > --- INVENTORY (10) --- Aluminum Leg Sensor Array Seismic Detector Improved Targeting Computer EMP Blaster Datajack Peak State ------------ > --- POWER ------------ Ion Engine > --- PROPULSION ------- Light Treads Light Treads > --- UTILITY ---------- Medium Storage Unit Seismic Detector > --- WEAPON ----------- Heavy Assault Rifle Improved Light Cannon > --- INVENTORY -------- Light Ion Engine Aluminum Leg Aluminum Leg Disposable Heat Sink Medium Laser Assault Rifle Heavy Assault Rifle Improved Light Cannon EMP Blaster [Rating: 10] Favorites ----------- Power Ion Engine Engine Ion Engine Propulsion Light Treads Treads Light Treads Leg Aluminum Leg Utility Medium Storage Unit Device Seismic Detector Storage Medium Storage Unit Protection Light Armor Plating Weapon Improved Light Cannon Energy Gun Medium Laser Ballistic Gun Assault Rifle Ballistic Cannon Improved Light Cannon Launcher EMP Blaster Build | -11 -10 -10 ------- Run | Yrd Mat Min Slots Evolved . | . . . Power . | . . . Propulsion . | . . . Utility . | . . . Weapon . | . . . Parts Attached 24 | 6 11 7 Power 2 | 1 . 1 Engine 2 | 1 . 1 Core . | . . . Reactor . | . . . Propulsion 8 | 2 5 1 Treads 3 | . 2 1 Leg 5 | 2 3 . Wheel . | . . . Hover . | . . . Flight . | . . . Utility 5 | 1 3 1 Device 1 | . 1 . Storage 3 | 1 2 . Processor . | . . . Hackware . | . . . Protection 1 | . . 1 Artifact . | . . . Weapon 9 | 2 3 4 Energy Gun 2 | 1 . 1 Energy Cannon . | . . . Ballistic Gun 3 | 1 1 1 Ballistic Cannon 3 | . 2 1 Launcher 1 | . . 1 Special Weapon . | . . . Impact Weapon . | . . . Slashing Weapon . | . . . Piercing Weapon . | . . . Special Melee Weapon . | . . . Unidentified Prototypes . | . . . Parts Lost 6 | . 1 5 Power 1 | . . 1 Propulsion 3 | . 1 2 Utility . | . . . Weapon 2 | . . 2 Highest Loss Streak 5 | . 1 5 To Critical Strikes 1 | . . 1 Average Slot Usage (%) 99 | . 99 99 Engine 14 | . 14 14 Treads 15 | . 17 . Leg 12 | . 10 26 Device 13 | . 14 12 Storage 14 | . 14 14 Energy Gun 1 | . 1 1 Ballistic Gun 1 | . 1 1 Ballistic Cannon 24 | . 25 22 Naked Turns . | . . . Heaviest Build 24 | 14 24 24 Greatest Support 40 | 20 40 20 Greatest Overweight (x) 3 | 3 1 1 Average Overweight (x) . | . . . Largest Inventory Capacity 10 | 8 10 10 Average Capacity 9 | 7 9 10 Most Carried 10 | 7 10 10 Average Carried 9 | 4 9 9 Final Capacity 10 | 8 10 10 Final Carried 10 | 5 10 6 Class Distribution -------------------- 100% | Mutant Dominant Class ---------------- Mutant | -10/Materials Mutant | -10/Mines Resources | -11 -10 -10 ----------- Run | Yrd Mat Min Matter Collected 481 | 199 282 . Remotely . | . . . Salvage Created 397 | 30 224 143 Parts 28 | 3 25 . Haulers Intercepted . | . . . Recyclers Shooed . | . . . Parts Field Recycled . | . . . Retrieved Matter . | . . . Parts Self-Destructed . | . . . Prevented . | . . . Kills | -11 -10 -10 ------- Run | Yrd Mat Min Combat Hostiles Destroyed 20 | . 7 13 Guns 2 | . . 2 Cannons 9 | . 7 2 AOE 9 | . . 9 Classes Destroyed 7 | 1 5 1 Worker 2 | . 2 . Builder 1 | . 1 . Tunneler 2 | 2 . . Watcher 3 | . 3 . Swarmer 5 | . 5 . Grunt 2 | . 2 . Assembled 13 | . . 13 Best Kill Streak 13 | 2 6 13 Combat Bots Only 13 | . 3 13 Max Kills in Single Turn 5 | 1 3 5 Gunslinging . | . . . Exploded 5 | . . 5 Melee . | . . . Uniques/NPCs Destroyed . | . . . Combat | -11 -10 -10 -------- Run | Yrd Mat Min Hostile Shots Fired 92 | . 28 64 Missed 17 | . 5 12 Damage Taken 1487 | . 575 912 Core 259 | . 93 166 Absorbed by Shields . | . . . Core Remaining (%) 100 | 100 . . Volleys Fired 52 | 4 36 12 Largest 2 | 2 2 2 Hottest 78 | 70 78 78 Shots Fired 103 | 8 72 23 Gun 22 | 8 2 12 Cannon 79 | . 70 9 Launcher 2 | . . 2 Special . | . . . Kinetic 90 | 4 71 15 Thermal 11 | 4 1 6 Explosive . | . . . Electromagnetic 2 | . . 2 Robot Hit Streak 8 | 7 8 6 Robot Miss Streak 3 | 1 3 1 Penetration Max . | . . . Secondary Targets 2 | . . 2 Max Gunslinging Chain 1 | . . 1 Shots Hit Robots 40 | 7 17 16 Core Hits 41 | 2 14 25 Critical Kills . | . . . Critical Parts Destroyed . | . . . Critical Strikes 4 | . 4 . Burn 1 | . 1 . Blast 3 | . 3 . Melee Attacks . | . . . Impact . | . . . Slashing . | . . . Piercing . | . . . Sneak Attacks . | . . . Combat Hostiles . | . . . Follow-up Attacks . | . . . Damage Inflicted 1289 | 79 487 723 Guns 213 | 79 12 122 Cannons 452 | . 354 98 Explosions 623 | . 120 503 Melee . | . . . Ramming 1 | . 1 . Kinetic 578 | 42 354 182 Thermal 389 | 37 12 340 Explosive . | . . . Electromagnetic 321 | . 120 201 Impact . | . . . Slashing . | . . . Piercing . | . . . Highest Corruption . | . . . Average Corruption . | . . . Corruption Purged . | . . . Corruption Blocked . | . . . Overload Shots . | . . . Overflow Damage 31 | . 8 23 Projectiles 13 | . 8 5 Explosions 18 | . . 18 Melee . | . . . Knockbacks 11 | . 5 6 Impact . | . . . Kinetic 8 | . 5 3 Secondary 3 | . . 3 Self-Inflicted Damage 94 | . 64 30 Shots 4 | . 2 2 Rammed 1 | . 1 . Targets Rammed 1 | . 1 . Kicked . | . . . Crushed . | . . . Highest Temperature 102 | 27 102 77 Average Temperature 30 | 12 33 24 Received Heat Transfer 27 | . 27 . Siege Activations . | . . . Robots Corrupted . | . . . Combat Hostiles . | . . . Parts Fried . | . . . Impact Corruptions . | . . . Robots Melted . | . . . Combat Hostiles . | . . . Parts Melted 2 | . 2 . Heat Transferred 933 | 111 111 711 Parts Sabotaged . | . . . Parts Stolen . | . . . Parts Stripped . | . . . Power Chain Reactions 4 | . 2 2 Alert | -11 -10 -10 ------- Run | Yrd Mat Min Peak Influence 182 | 10 182 22 Initial 21 | . 6 21 Average 43 | 2 51 14 Maximum Alert Level . | . . . Low Security (%) 100 | 100 100 100 Level 1 . | . . . Level 2 . | . . . Level 3 . | . . . Level 4 . | . . . Level 5 . | . . . High Security . | . . . Max Security . | . . . Squads Dispatched 1 | . 1 . Investigation . | . . . Extermination . | . . . Reinforcement 1 | . 1 . Assault . | . . . Garrison . | . . . Intercept . | . . . Searches Triggered . | . . . Construction Impeded . | . . . Haulers Reinforced . | . . . Active Scanning Responses . | . . . Cargo Convoy Interrupts . | . . . Stealth | -11 -10 -10 --------- Run | Yrd Mat Min Distress Signals . | . . . Communications Jammed . | . . . Distress Signals . | . . . Times Spotted 29 | . 12 17 Peak Tracking Total 19 | . 3 19 Tactical Retreats 1 | . . 1 Traps | -11 -10 -10 ------- Run | Yrd Mat Min Traps Triggered . | . . . Indirectly . | . . . Trap Hack Attempts . | . . . Triggered . | . . . Disarmed . | . . . Reprogrammed . | . . . Reused . | . . . Traps Extracted . | . . . Installed . | . . . Triggered . | . . . Machines | -11 -10 -10 ---------- Run | Yrd Mat Min Machines Disabled 3 | . 3 . Max in Single Turn 2 | . 2 . Machines Repaired . | . . . Machines Dismantled . | . . . Machines Sabotaged . | . . . Overloaded Fab Kills . | . . . Hacking | -11 -10 -10 --------- Run | Yrd Mat Min Machines Accessed 4 | . 4 . Terminals 3 | . 3 . Fabricators . | . . . Repair Stations . | . . . Recycling Units 1 | . 1 . Scanalyzers . | . . . Garrison Access . | . . . Total Hacks 13 | . 13 . Successful 11 | . 11 . Failed 2 | . 2 . Catastrophic 2 | . 2 . Database Lockouts . | . . . Manual 4 | . 4 . Terminals 10 | . 10 . Fabricators . | . . . Repair Stations . | . . . Recycling Units 3 | . 3 . Scanalyzers . | . . . Garrison Access . | . . . Terminal Hacks 8 | . 8 . Robot Analysis 1 | . 1 . Prototype ID Bank 2 | . 2 . Emergency Access Points 1 | . 1 . Locate Traps 2 | . 2 . Dispatch Records 1 | . 1 . Zone Layout 1 | . 1 . Fabricator Hacks . | . . . Repair Station Hacks . | . . . Recycling Unit Hacks 3 | . 3 . Process 1 | . 1 . Report Inventory 1 | . 1 . Retrieve Matter 1 | . 1 . Scanalyzer . | . . . Garrison Access Hacks . | . . . Unauthorized Hacks . | . . . Terminals . | . . . Fabricators . | . . . Repair Stations . | . . . Recycling Units . | . . . Scanalyzers . | . . . Garrison Access . | . . . Data Cores Recovered . | . . . Used . | . . . Hacking Detections 3 | . 3 . Full Trace Events . | . . . Feedback Events . | . . . Feedback Blocked . | . . . Robot Schematics Acquired . | . . . Robots Built . | . . . Authchips . | . . . Time . | . . . Total Robot Build Rating . | . . . Part Schematics Acquired . | . . . Parts Built . | . . . Authchips . | . . . Time . | . . . Total Part Build Rating . | . . . Parts Repaired . | . . . Time . | . . . Parts Recycled . | . . . Recycled Matter 206 | . 206 . Retrieved Matter 206 | . 206 . Retrieved Components . | . . . Parts Scanalyzed . | . . . Part Schematics Acquired . | . . . Parts Damaged . | . . . Bothacking | -11 -10 -10 ------------ Run | Yrd Mat Min Used RIF Installer . | . . . Robots Hacked . | . . . Non-combat . | . . . Combat . | . . . Robot Hacks Applied . | . . . Relay Couplers Released . | . . . Fabnet Peak Effective % . | . . . Robots Rewired . | . . . Allies Hacked . | . . . Hacks Repelled . | . . . Allies | -11 -10 -10 -------- Run | Yrd Mat Min Total Allies 3 | . . 3 Largest Group 3 | . . 3 Highest-Rated Group 40 | . . 40 Highest-Rated Ally 16 | . . 16 Total Orders . | . . . Ally Attacks 10 | . . 10 Total Damage 55 | . . 55 Kills 1 | . . 1 Allies Corrupted . | . . . Allies Melted . | . . . Intel | -11 -10 -10 ------- Run | Yrd Mat Min Robot Analysis Total 1 | . 1 . Derelict Logs Recovered 1 | . . 1 Drone Launches . | . . . Drone Recoveries . | . . . Exploration | -11 -10 -10 ------------- Run | Yrd Mat Min Turns Passed 1307 | 81 1068 158 Spaces Moved 662 | 50 551 61 Core 24 | 24 . . Treads 339 | . 339 . Legs 299 | 26 212 61 Wheels . | . . . Hover . | . . . Flight . | . . . Fastest Speed 50 | 50 120 120 Average Speed 164 | 108 167 188 Slowest Speed 240 | 200 240 190 Overloaded Moves . | . . . Propulsion Burnouts . | . . . Robots Hopped . | . . . Cave-ins Triggered 1 | . 1 . Exploration Rate (%) 29 | 4 73 11 Regions Visited 2 Branch Regions 1 Pre-discovered Areas 1 | . . 1 Known Exits Taken . | . . . Unknown Exits Taken 2 | 1 1 . Scrap Searched . | . . . Spaces Dug 5 | . 5 . Terrain Destroyed 64 | . 58 6 Melee . | . . . Projectile 10 | . 9 1 AOE 54 | . 49 5 Terrain Rammed . | . . . Walls Destroyed . | . . . Machines Disabled . | . . . Actions | -11 -10 -10 --------- Run | Yrd Mat Min Total 770 | 67 623 80 Wait 6 | . 6 . Move 659 | 49 549 61 Hop . | . . . Pick Up 20 | 8 12 . Fast Attach 4 | 3 1 . Attach 8 | 3 1 4 Detach . | . . . Swap 12 | . 9 3 Drop 7 | . 7 . Fire 52 | 4 36 12 Melee . | . . . Ram . | . . . Kick . | . . . Crush 1 | . 1 . Escape Stasis 1 | . 1 . Rewire . | . . . Trap . | . . . Miscellaneous . | . . . Route ------- -11/Scrapyard -10/Materials (discovered 3 exits: [*Mat x2] / [*Min]) -10/Mines (discovered 1 exit: [*Exi]) History --------- Turn | Location | Event 5 | -11/Scrapyard | Discovered new exit (range 15) 82 | -11/Scrapyard | Entered Materials 214 | -10/Materials | Discovered new exit (range 14) 314 | -10/Materials | Build established: Mutant 478 | -10/Materials | Discovered new exit (range 7) 770 | -10/Materials | Crushed by falling debris 812 | -10/Materials | Discovered new exit (range 8) 1150 | -10/Materials | Entered Mines 1158 | -10/Mines | Assisted by bots powering up and referring to "LRC-V3" 1177 | -10/Mines | Deemed a non-threat by the Exiles lab entrance 1179 | -10/Mines | Discovered new exit (range 5) 1215 | -10/Mines | Learned location of Storage (-8) 1248 | -10/Mines | Assembled infested the area 1260 | -10/Mines | Core integrity fell below 50% 1296 | -10/Mines | Core integrity fell below 20% 1303 | -10/Mines | Lost 3 allies 1308 | -10/Mines | Destroyed by as-45683 with Assembled Heavy Rifle Last Messages --------------- Engine. as-30592 destroyed. as-87916 destroyed. as-07941 suffers critical hit (Burn). Trooper 1b destroyed. as-07941 knocked back. Destroyed Asb. Hover Unit. as-07941 knocked back. Imp. Light Cannon destroyed. as-45683 knocked back. as-07941 destroyed. Imp. Light Cannon destroyed. Critical hit (Destroy). Ion Engine destroyed. Aluminum Leg destroyed. as-44387 destroyed. Switching to secondary target: as-66727. Destroyed Asb. Hover Unit. as-66727 destroyed. Switching to secondary target: as-10315. Map ----- +----------------------------------------------------+ | ?????????????????????????????????????????????????? | | ?????????????????????????????????????????????????? | | ?????????????????????????????????????????????????? | | ?????????????????????????????????????????????????? | | ?????????????????????????????????????????????????? | | ?????????????????????????????????????????????????? | | ?????????????????????????????????????????????????? | | ?????????????????????????? ????????????????????? | | ?????????????????????????? ????????????????????? | | ????????????????????????? ##??????????????????? | | ????????????????????????? ! #??????????????????? | | ?????????????????????????? %% #??????????????????? | | ??????????????????????????%* #??????????????????? | | ?????????????????????????? ??????????????????? | | ?????????????????????????? % ???????????????????? | | ?????????????????????????? % ???????????????????? | | ??????????????????????????# ???????????????????? | | ??????????????????????????#%%##??????????????????? | | ?????????????????????###?##%% #??????????????????? | | ?????????????????????# ? $[=%#??????????????????? | | ?????????????????????# #?#"% "???????????????????? | | ?????????????????????# #?# !#???????????????????? | | ????????????????###### #?#"=%#???????????????????? | | ????????????????# ##?#=[#???????????????????? | | ????????????????# a ###*%#####???????????????? | | ????????????????# a@a% #???????????????? | | ????????????????### ### #???????????????? | | ??????????????????## ####### #???????????????? | | ???????????????????# #???## #???????????????? | | ???????????????????# # ##???# #???????????????? | | ???????????????????# ####????# #???????????????? | | ???????????????????# ###????## #???????????????? | | ???????????????????# ##??## #???????????????? | | ???????????????????### #??# #???????????????? | | ?????????????????????# ##??# #???????????????? | | ????????????????????# #???## ##???????????????? | | ????????????????????# ##????## #????????????????? | | ????????????????????< ???????## #????????????????? | | ???????????????????###?????????##????????????????? | | ?????????????????????????????????????????????????? | | ?????????????????????????????????????????????????? | | ?????????????????????????????????????????????????? | | ?????????????????????????????????????????????????? | | | | | | | | | | | | | | | +----------------------------------------------------+ Best States ------------- Heat Dissipation 25 Energy Generation 10 Energy Capacity 250 Matter Stores 300 Matter Capacity 300 Sight Range 16 Terrain Scan Density 10 Armor Coverage 150 Evasion (%) 55 Recoil Reduction 2 Item Schematics ----------------- None Robot Schematics ------------------ None Fabricated ------------ Nothing Alien Tech Used ----------------- None Achievements -------------- Quick And Dirty Challenges ------------ None Game ------ Seed PrecisionWeightChainsword Manual? 0 Play Time 00:14:24 Cumulative 17.5 hours Start 2024.07.09 @ 22:17:07 End 2024.07.09 @ 22:29:46 Sessions 1 Manual Loads 0 Difficulty Rogue Special Mode None Game No. 23 Rogue 23 Adventurer 0 Explorer 0 Win Type - Total 0 Types 0/0/0/0/0/0/0/0/0 Lore% 14 Gallery% 19 Achievement% 16 Wizard Run 0 Options --------- Layout 1 ASCII 0 Keyboard 0 Movement Mouse Keybinds 0 Fullscreen 1 Font 24/Terminus Map View 50x35 Zoom Use 0% Tactical HUD 0 Map Filters NONE Filters NONE Steam 1 RUN: 71adc744-c307-4f96-83ce-d84e4b9c95b5